 Dungeon Crawl Stone Soup version 0.29.0-7-g18a832c13a (webtiles) character file.

Game seed: 1564413236402758939

22 apoch the Covered (level 2, -2/27 HPs)
             Began as a Minotaur Fighter on Aug 30, 2022.
             Slain by a fire elemental (9 damage)
             ... created by the fiery vengeance of Ignis
             ... on level 1 of the Dungeon.
             The game lasted 00:01:42 (549 turns).

apoch the Covered (Minotaur Fighter)                 Turns: 549, Time: 00:01:43

Health: -2/27      AC:  7    Str: 20    XL:     2   Next: 68%
Magic:  1/1        EV:  9    Int:  5    God:
Gold:   26         SH:  4    Dex:  9    Spells: 1/1 levels left

rFire   . . .      SeeInvis .   a - +0 war axe
rCold   . . .      Faith    .   c - +0 buckler
rNeg    . . .      Spirit   .   b - +0 scale mail
rPois   .          Reflect  .   (helmet restricted)
rElec   .          Harm     .   (no cloak)
rCorr   .          Rampage  .   (no gloves)
Will    .....                   (no boots)
Stlth   ..........              (no amulet)
HPRegen 0.09/turn               (no ring)
MPRegen 0.07/turn               (no ring)

@: fire susceptible
A: horns 2, retaliatory headbutt
a: no special abilities


You were on level 1 of the Dungeon.
You visited 1 branch of the dungeon, and saw 1 of its levels.

You collected 26 gold pieces.

Inventory:

Hand Weapons
 a - a +0 war axe (weapon)
Missiles
 f - 6 stones (quivered)
Armour
 b - a +0 scale mail (worn)
 c - a +0 buckler (worn)
Scrolls
 g - a scroll of magic mapping {unknown}
 h - a scroll of enchant weapon {unknown}
Potions
 d - a potion of might
 e - a potion of heal wounds {unknown}


   Skills:
 + Level 4.0 Fighting
 * Level 3.2 Axes
 + Level 4.0 Armour
 - Level 3.7 Shields


You had one spell level left.
You didn't know any spells.
Your spell library contained the following spells:

 Spells                   Type           Power      Damage    Failure   Level
 Gell's Gravitas          Tloc           0%         N/A       99%         3
 Lesser Beckoning         Tloc           0%         N/A       99%         3
 Teleport Other           Tloc           0%         N/A       99%         3


Dungeon Overview and Level Annotations

Branches:
Dungeon (1/15)

Altars:
Ignis


Innate Abilities, Weirdness & Mutations

You have a pair of horns on your head.
You reflexively headbutt those who attack you in melee.


Message History

The jackal attacks as you move away! The jackal closely misses you.
You furiously retaliate!
You headbutt the jackal!
You kill the jackal!
You see here a +0 scale mail.
You slash the jackal!
You kill the jackal!
Your Armour skill increases to level 4!
You block the quokka's attack.
You see here a jackal corpse.
You hit the quokka but do no damage. The quokka completely misses you.
The quokka barely misses you. You furiously retaliate!
You headbutt the quokka. You barely miss the quokka. You headbutt the quokka.
You kill the quokka!
Your Fighting skill increases to level 4!
You see here a +0 scale mail.
You see here a jackal corpse.
You see here a dart slug corpse.
You start resting.
HP restored. "These will know how to inflict the punishment due to you!" 2 fire elementals come into view.
You barely miss the fire elemental. You closely miss the fire elemental.
You closely miss the fire elemental. You headbutt the fire elemental.
The fire elemental is lightly damaged.
You barely miss the fire elemental. The fire elemental barely misses you.
You furiously retaliate!
You headbutt the fire elemental! You block the fire elemental's attack.
You closely miss the fire elemental.
The fire elemental is lightly damaged.
You closely miss the fire elemental. The fire elemental hits you.
The fire elemental burns you! The fire elemental closely misses you.
The fire elemental barely misses you. You furiously retaliate!
You headbutt the fire elemental. The fire elemental hits you.
The fire elemental burns you!
* * * LOW HITPOINT WARNING * * *
You slash the fire elemental!
The fire elemental is severely damaged.
You closely miss the fire elemental. The fire elemental hits you.
The fire elemental burns you!
You die...

#...#.#~~##.# #.##.#
#...≈≈.##.#####.##.#
#.~~≈..........##.#
#..≈........††.[†.#
####..##.##########
#.###.# # #.# #.#
....###E# ......E@#
#########


You could see 2 fire elementals.

Vanquished Creatures
  2 dart slugs (D:1)
  3 bats (D:1)
  A giant cockroach (D:1)
  A goblin (D:1)
  2 jackals (D:1)
  2 kobolds (D:1)
  2 quokkas (D:1)
  A ball python (D:1)
  3 rats (D:1)
17 creatures vanquished.

Notes
Turn   | Place    | Note
-------+----------+-------------------------------------------
     0 | D:1      | apoch the Minotaur Fighter began the quest for the Orb.
     0 | D:1      | Reached XP level 1. HP: 19/19 MP: 0/0
   309 | D:1      | Reached XP level 2. HP: 21/27 MP: 1/1
   428 | D:1      | Found a faded altar of an unknown god.
   434 | D:1      | Prayed at the altar of an unknown god.
   434 | D:1      | Became a worshipper of Ignis, the Dying Flame
   447 | D:1      | Fell from the grace of Ignis
   546 | D:1      | Noticed a fire elemental
   546 | D:1      | Noticed a fire elemental
   549 | D:1      | Slain by a fire elemental

Illustrated notes

Levels and vault maps discovered:
D:1:      dpeg_arrival_shelter, layout_loops_ring,
          dreamdust_ecumenical_altar_angels_and_demons,
          chequers_serial_rivers_small_a

Skill      XL: |  1  2 |
---------------+-------+-----
Axes           | 3 |  3.2
Armour         | 4 |  4.0
Fighting       | 4 |  4.0
Shields        | |  3.7

Action                   || total
-------------------------++-------
Melee: War axe           ||    30
       Headbutt          ||     6
Throw: Stone             ||     2
Invok: Fiery Armour      ||    12
       Renounce Religion ||     1
Armor: Scale mail        ||    18
Dodge: Dodged            ||    23
Block: Buckler           ||     6
